 Dungeon Crawl Stone Soup version 0.29-a0-334-gb41bcbb86e (webtiles) character file.

Game seed: 15524254116436446990

242 HendSelp the Twirler (level 6, 0/46 HPs)
             Began as a Human Gladiator on Apr 14, 2022.
             Slain by Pikel
             ... wielding a +1 whip of flaming
              (1 damage)
             ... on level 4 of the Dungeon.
             The game lasted 00:05:12 (3549 turns).

HendSelp the Twirler (Human Gladiator)              Turns: 3549, Time: 00:05:13

Health: 0/46       AC:  7    Str: 16    XL:     6   Next: 31%
Magic:  6/6        EV: 13    Int:  9    God:
Gold:   178        SH:  0    Dex: 14    Spells: 5/5 levels left

rFire   . . .      SeeInvis .   a - +0 quarterstaff
rCold   . . .      Faith    .   (shield currently unavailable)
rNeg    + . .      Spirit   .   g - +2 leather armour {rN+}
rPois   .          Reflect  .   c - +0 helmet
rElec   .          Harm     .   (no cloak)
rCorr   .          Rampage  .   m - +0 pair of gloves
Will    .....                   (no boots)
Stlth   +.........              (no amulet)
HPRegen 0.15/turn               (no ring)
MPRegen 0.10/turn               (no ring)

@: no status effects
A: no striking features
a: no special abilities


You were on level 4 of the Dungeon.
You visited 1 branch of the dungeon, and saw 4 of its levels.

You collected 178 gold pieces.

Inventory:

Hand Weapons
 a - a +0 quarterstaff (weapon)
Armour
 c - a +0 helmet (worn)
 g - a +2 leather armour of positive energy (worn)
 m - a +0 pair of gloves (worn)
Wands
 r - a wand of flame (3)
Scrolls
 f - a scroll of amnesia
 q - a scroll of teleportation
 s - a scroll of summoning {unknown}
Potions
 b - a potion of haste
 h - a potion of resistance
 i - a potion of cancellation {unknown}
 k - a potion of degeneration {unknown}
 l - a potion of berserk rage {unknown}
 n - a potion of brilliance {unknown}
 o - 2 potions of lignification {unknown}
 p - a potion of heal wounds {unknown}


   Skills:
 * Level 2.7 Fighting
 * Level 4.9 Staves
 - Level 2.0 Throwing
 * Level 2.3 Armour
 * Level 4.0 Dodging


You had 5 spell levels left.
You didn't know any spells.
Your spell library contained the following spells:

 Spells                   Type           Power      Damage    Failure   Level
 Pain                     Necr           0%         1d4       43%         1
 Ozocubu's Armour         Ice            0%         N/A       82%         3
 Agony                    Necr           0%         N/A       100%        5
 Excruciating Wounds      Necr           0%         N/A       100%        5
 Ozocubu's Refrigeration  Ice            0%         4d5       100%        7


Dungeon Overview and Level Annotations

Branches:
Dungeon (4/15)
 Temple: D:4-7

Altars:
Trog
Vehumet

Shops:
D:2 !

Annotations:
D:4 Pikel


Message History

You throw a throwing net.
Something gets caught in the net!
Unknown command.
You barely miss something.
Something wriggles in the net.
You hit something but do no damage.
Something wriggles in the net. x2
You closely miss something.
Something wriggles in the net.
You hit something but do no damage.
Something wriggles in the net.
All of a sudden the net rips apart!
You hit something but do no damage. Something hits you. Something burns you.
You sock something! Something hits you! Something burns you.
Throw: javelin
Press: ? - help, Q - select action, (/) - cycle Shift-Dir - straight line, f - lemure
Aim: a lemure (severely wounded, 53% to hit)
You throw a javelin. The javelin pierces through the lemure.
The lemure is severely wounded.
Something hits you!
* * * LOW HITPOINT WARNING * * *
Something burns you.
* * * LOW HITPOINT WARNING * * *
Unknown command.
Unknown command.
Unknown command.
Unknown command.
Unknown command.
Unknown command.
Unknown command.
Unknown command.
Unknown command.
You feel better. Something hits you.
* * * LOW HITPOINT WARNING * * *
Something burns you.
* * * LOW HITPOINT WARNING * * *
Unknown command.
You feel better. Something hits you!
* * * LOW HITPOINT WARNING * * *
Something burns you.
* * * LOW HITPOINT WARNING * * *
You barely miss something. Something hits you.
* * * LOW HITPOINT WARNING * * *
Something burns you.
You die...

#. #.. # #.####### #
##.......###### ##
##..........@.5# .##
#...........##555..#
..# ##.........##
####..#
..###..........# #
...##.#>......##
...##.##....###
...##.####..###
####...###....#
.....#....####.#


You could see 4 lemures.

Vanquished Creatures
  Pargi (D:3)
  An iguana (D:3)
  5 adders
  A white imp (D:3)
  An ufetubus (D:4)
  2 worms (D:2)
  3 dart slugs
  An orc (D:3)
  5 ball pythons
  A giant cockroach (D:3)
  7 goblins
  3 hobgoblins
  3 jackals (D:3)
  5 kobolds
  4 quokkas
  6 bats
  2 frilled lizards
  4 rats
55 creatures vanquished.

Notes
Turn   | Place    | Note
-------+----------+-------------------------------------------
     0 | D:1      | HendSelp the Human Gladiator began the quest for the Orb.
     0 | D:1      | Reached XP level 1. HP: 16/16 MP: 1/1
   216 | D:1      | Reached XP level 2. HP: 22/22 MP: 2/2
   677 | D:1      | Reached XP level 3. HP: 27/27 MP: 3/3
  1219 | D:2      | Reached skill level 1 in Armour
  1278 | D:2      | Found Lotwi Dast's Distillery.
  1318 | D:2      | Found a faded altar of an unknown god.
  1443 | D:2      | Found a bloodstained altar of Trog.
  1821 | D:3      | Reached XP level 4. HP: 21/33 MP: 4/4
  2064 | D:3      | Noticed Pargi
  2079 | D:3      | Killed Pargi
  2080 | D:3      | Reached XP level 5. HP: 29/39 MP: 5/5
  2743 | D:3      | Reached XP level 6. HP: 46/46 MP: 6/6
  3362 | D:4      | Found a radiant altar of Vehumet.
  3528 | D:4      | Noticed Pikel
  3549 | D:4      | HP: 1/46 [something (3)]
  3549 | D:4      | Slain by Pikel

Illustrated notes

Levels and vault maps discovered:
D:1:      zelgadis_glass_arrival_large, layout_basic
D:2:      layout_basic, serial_shops, nicolae_shop_trees,
          chequers_ecumenical_altar_grove, basic_altar
D:3:      layout_loops_corners, hangedman_abyss_or_decor_stabs, minivault_25,
          minivault_23, uniq_pargi
D:4:      layout_cave_pods, nicolae_hepliaklqana_hippocampus,
          vehumet_altar_wand_db, minmay_misc_feat_tower, kennysheep_nub,
          uniq_duvessa, uniq_pikel

Skill      XL: |  1  2  3  4  5  6 |
---------------+-------------------+-----
Armour         | 1 2 |  2.3
Staves         | 4 |  4.9
Dodging        | 4 |  4.0
Fighting       | |  2.7
Throwing       | |  2.0

Action                   |  1- 3 |  4- 6 || total
-------------------------+-------+-------++-------
Melee: Quarterstaff      |    91 |   107 ||   198
Throw: Throwing net      |       |     7 ||     7
       Javelin           |       |     1 ||     1
  Use: Scroll            |     8 |       ||     8
       Potion            |       |     2 ||     2
 Stab: Held in net/web   |       |     2 ||     2
Armor: Leather armour    |    32 |    45 ||    77
Dodge: Dodged            |    57 |    64 ||   121

Table legend: (Time is in decaauts)
 A = Elapsed time spent in this place.
 B = Non-inter-level travel time spent in this place.
 C = Inter-level travel time spent in this place.
 D = Time resting spent in this place.
 E = Time spent auto-exploring this place.
 F = Levels seen in this place.
 G = Mean time per level.
                   A        B        C        D        E       F      G
               +--------+--------+--------+--------+--------+-----+--------+
         Total |   3569 |   3471 |     98 |    233 |   2707 |   4 |  892.2 |
       Dungeon |   3569 |   3471 |     98 |    233 |   2707 |   4 |  892.2 |
               +--------+--------+--------+--------+--------+-----+--------+

Top non-repeatable levels by time:
     D:3: 1570 daAuts
     D:2: 905 daAuts
     D:1: 872 daAuts
     D:4: 220 daAuts
